 Dungeon Crawl Stone Soup version 0.28.0-61-g67df4f89a8 (webtiles) character file.

Game seed: 10335134724884284554

1899 tkbsonic5 the Ruffian (level 9, -13/81 HPs)
             Began as a Ghoul Monk on Feb 16, 2023.
             Mangled by Harold
             ... wielding a +2 dire flail of protection
              (16 damage)
             ... on level 7 of the Dungeon.
             The game lasted 00:15:21 (7523 turns).

tkbsonic5 the Ruffian (Ghoul Monk)                  Turns: 7523, Time: 00:15:21

Health: -13/81     AC: 12    Str: 19    XL:     9   Next: 15%
Magic:  8/8        EV:  7    Int:  5    God:
Gold:   291        SH:  0    Dex: 11    Spells: 8/8 levels left

rFire   . . .      SeeInvis .     - Unarmed
rCold   + . .      Faith    .   (no shield)
rNeg    + + +      Spirit   .   d - +0 plate armour
rPois   ∞          Reflect  .   c - +0 helmet
rElec   .          Harm     .   (no cloak)
rCorr   .          Rampage  .   (no gloves)
Will    .....                   (no boots)
Stlth   ..........              (no amulet)
HPRegen 0.00/turn               o - ring of wizardry
MPRegen 0.11/turn               (no ring)

@: marked, inhibited regen
A: claws 1, cold resistance 1, negative energy resistance 3, inhibited
regeneration, torment resistance 2
a: no special abilities


You were on level 7 of the Dungeon.
You visited 1 branch of the dungeon, and saw 7 of its levels.

You collected 291 gold pieces.

Inventory:

Missiles
 j - 3 poisoned darts (quivered)
 m - 6 javelins
Armour
 a - a +0 robe
 c - a +0 helmet (worn)
 d - a +0 plate armour (worn)
Jewellery
 o - a ring of wizardry (left claw)
Scrolls
 e - a scroll of amnesia
 l - 4 scrolls of silence
 n - 2 scrolls of brand weapon
Potions
 i - a potion of berserk rage


   Skills:
 * Level 7.8 Fighting
 + Level 1.4 Throwing
 * Level 2.2 Armour
 + Level 6.2 Dodging
 - Level 2.1 Stealth
 * Level 7.9 Unarmed Combat


You had 8 spell levels left.
You didn't know any spells.
Your spell library contained the following spells:

 Spells                   Type           Power      Damage    Failure   Level
 Animate Skeleton         Necr           0%         N/A       100%        1
 Pain                     Necr           0%         1d4       100%        1
 Dazzling Flash           Conj/Hex       0%         N/A       100%        3
 Vampiric Draining        Necr           0%         2d6       100%        3
 Agony                    Necr           0%         N/A       100%        5
 Silence                  Hex/Air        0%         N/A       100%        5


Dungeon Overview and Level Annotations

Branches:
Dungeon (7/15)
 Temple: D:4-7

Altars:

Shops:
D:6 (

Annotations:
D:7 Harold


Innate Abilities, Weirdness & Mutations

You thrive by killing the living.
You are immune to poison.
You have sharp fingernails.
Your flesh is cold resistant. (rC+)
You are immune to negative energy. (rN+++)
You do not regenerate when monsters are visible.
You are immune to unholy pain and torment.


Message History

The harpoon shot hits you.
You are yanked forward by the harpoon shot.
Harold hits you with a +2 dire flail of protection.
You claw Harold!
Harold is lightly wounded.
Harold hits you with a +2 dire flail of protection!!
You claw Harold!
Harold is moderately wounded.
Harold hits you but does no damage.
You scratch Harold.
Harold is moderately wounded.
Harold hits you with a +2 dire flail of protection.
You scratch Harold.
Harold is moderately wounded.
Harold hits you with a +2 dire flail of protection!
You barely miss Harold.
Harold is moderately wounded.
You scratch Harold but do no damage.
Harold is moderately wounded.
Harold hits you with a +2 dire flail of protection!!
You feel better.
Harold hits you with a +2 dire flail of protection!
* * * LOW HITPOINT WARNING * * *
It was a potion of berserk rage.
You feel slightly irritated. Harold gestures at you while chanting.
The mark upon you grows brighter.
You scratch Harold but do no damage.
Harold is moderately wounded.
Harold hits you with a +2 dire flail of protection!
* * * LOW HITPOINT WARNING * * *
Okay, then.
You claw Harold!
Harold is heavily wounded.
Harold hits you with a +2 dire flail of protection.
* * * LOW HITPOINT WARNING * * *
Okay, then.
Okay, then.
It was a potion of lignification.
You feel woody for a moment.
Harold hits you with a +2 dire flail of protection!
You die...

.. ..#........# #
####......#.#.
#...........
#.#.......#.
#.#..#.#..#
##(#[......#
#....)..#.##
#####.......#.#
...
....#.##@@#.#.##.
...
................
...
...#........###.
###........#
##.##.##.# #.#..#
.# #.#.## #
#####.#.###.#
#...........#


You could see Harold.

Vanquished Creatures
  A water moccasin (D:7)
  A sky beast (D:6)
  An ice beast (D:6)
  A black bear (D:3)
  2 ogres
  2 orc warriors (D:6)
  2 necrophages
  A centaur (D:6)
  A bullfrog (D:7)
  A scorpion (D:6)
  3 wights (D:6)
  A howler monkey (D:6)
  2 bullfrog zombies (D:6)
  2 hounds
  A jelly (D:5)
  2 orc priests
  6 iguanas
  3 orc wizards
  5 gnolls
  4 adders
  A white imp (D:5)
  An adder zombie (D:3)
  An adder skeleton (D:4)
  4 dart slugs
  14 orcs
  3 bats
  7 endoplasms
  6 giant cockroaches
  3 goblins
  7 hobgoblins
  10 jackals
  A quokka (D:1)
  2 ball pythons
  A frilled lizard (D:1)
  6 kobolds
  9 rats
118 creatures vanquished.

Notes
Turn   | Place    | Note
-------+----------+-------------------------------------------
     0 | D:1      | tkbsonic5 the Ghoul Monk began the quest for the Orb.
     0 | D:1      | Reached XP level 1. HP: 19/19 MP: 0/0
   182 | D:1      | Reached XP level 2. HP: 13/26 MP: 1/1
   825 | D:1      | Found a faded altar of an unknown god.
  1038 | D:2      | Reached XP level 3. HP: 29/33 MP: 2/2
  2103 | D:3      | Noticed a black bear
  2112 | D:3      | Killed a black bear
  2113 | D:3      | Reached XP level 4. HP: 41/41 MP: 3/3
  2113 | D:3      | Reached XP level 5. HP: 47/47 MP: 4/4
  2383 | D:3      | Reached XP level 6. HP: 54/55 MP: 5/5
  2594 | D:3      | Reached skill level 5 in Fighting
  2594 | D:3      | Reached skill level 5 in Unarmed Combat
  3602 | D:4      | Noticed a necrophage
  3610 | D:4      | Killed a necrophage
  3928 | D:4      | Reached XP level 7. HP: 61/61 MP: 6/6
  4501 | D:5      | Entered Level 5 of the Dungeon
  5108 | D:5      | Reached skill level 5 in Dodging
  5464 | D:6      | Reached XP level 8. HP: 68/71 MP: 7/7
  6510 | D:6      | Found Kedwuul's Antique Weapon Boutique.
  6639 | D:6      | Reached skill level 1 in Armour
  7014 | D:6      | Reached skill level 1 in Throwing
  7023 | D:6      | Reached XP level 9. HP: 65/80 MP: 8/8
  7367 | D:7      | Noticed Harold
  7522 | D:7      | HP: 3/81 [Harold/+2 dire flail of protection (5)]
  7523 | D:7      | Mangled by Harold

Illustrated notes

Levels and vault maps discovered:
D:1:      dpeg_arrival_connections, layout_basic,
          shapermc_ecumenical_altar_totnotflames, serial_corexii_hall,
          chequers_hall_statues_y, corexii_hall_statues_s
D:2:      layout_basic, grunt_decor_cap
D:3:      layout_basic, minmay_pentomino_pile
D:4:      layout_basic
D:5:      layout_loops_ring, grunt_ministairs_5,
          eino_small_chamber_without_monster
D:6:      layout_basic, serial_shops, shop
D:7:      layout_loops_cross, minmay_temple_entry_statues_pillars, serial_shops,
          shop_fountains, nicolae_shop_waterfront, nicolae_shop_waterfront,
          uniq_harold

Skill      XL: |  1  2  3  4  5  6  7  8  9 |
---------------+----------------------------+-----
Dodging        | 3 4 5 6 |  6.2
Fighting       | 4 5 6 7 |  7.8
Unarmed Combat | 4 5 6 7 |  7.9
Armour         | 1 2 |  2.2
Throwing       | 1 |  1.4
Stealth        | |  2.1

Action                   |  1- 3 |  4- 6 |  7- 9 || total
-------------------------+-------+-------+-------++-------
Melee: Unarmed           |   121 |   132 |   173 ||   426
       Punch             |     1 |     6 |    10 ||    17
Throw: Javelin           |       |     7 |    28 ||    35
       Throwing net      |       |       |     1 ||     1
       Dart              |       |       |    15 ||    15
Evoke: Wand              |       |       |    13 ||    13
  Use: Scroll            |     2 |     1 |     8 ||    11
       Potion            |     1 |     1 |    10 ||    12
Armor: Robe              |    11 |       |       ||    11
       Plate armour      |    51 |    68 |    78 ||   197
Dodge: Dodged            |    53 |    31 |    45 ||   129
